Cogmind - Beta 9.2 @@@ ROGUE MODE // 2020.01.08 @ 17:29:37 Player: Fleshy Vegetable Bird Result: Destroyed by as-49144 with Assembled Blade Performance ------------- Evolutions (0) 0 Regions Visited (2) 400 Robots Destroyed (22) 110 Value Destroyed (334) 334 Prototype IDs (0) 0 Alien Tech Used (0) 0 Bonus (0) 0 TOTAL SCORE: 844 Bonus ------- None Cogmind --------- Core Integrity 0/250 Matter 274/300 Energy 82/100 System Corruption 0% Temperature Cool (0) Movement Core (50) Location -10/Mines Parts ------- > --- POWER (1) -------- (None) > --- PROPULSION (2) --- (None) > --- UTILITY (2) ------ Hacking Suite > --- WEAPON (2) ------- Mining Laser > --- INVENTORY (4) ---- Light Nuclear Core Light Angular Momentum Engine Wheel Signal Generator Peak State ------------ > --- POWER ------------ Ion Engine > --- PROPULSION ------- Wheel Wheel > --- UTILITY ---------- Small Storage Unit Small Storage Unit > --- WEAPON ----------- Small Laser Assault Rifle > --- INVENTORY -------- Light Ion Engine Light Nuclear Core Wheel Wheel Improved Terrain Scanner Hacking Suite Mining Laser [Rating: 8] Favorites ----------- Power Ion Engine Engine Ion Engine Propulsion Wheel Wheel Wheel Utility Small Storage Unit Storage Small Storage Unit Hackware Hacking Suite Weapon Assault Rifle Energy Gun Small Laser Ballistic Gun Assault Rifle Special Weapon Mining Laser Build | -11 -10 -10 ------- Run | Scr Mat Min Slots Evolved . | . . . Power . | . . . Propulsion . | . . . Utility . | . . . Weapon . | . . . Parts Attached 15 | 7 4 4 Power 2 | 1 1 . Engine 2 | 1 1 . Core . | . . . Reactor . | . . . Propulsion 3 | 2 1 . Treads . | . . . Leg . | . . . Wheel 3 | 2 1 . Hover . | . . . Flight . | . . . Utility 4 | 2 1 1 Device . | . . . Storage 3 | 2 1 . Processor . | . . . Hackware 1 | . . 1 Protection . | . . . Artifact . | . . . Weapon 6 | 2 1 3 Energy Gun 1 | . 1 . Energy Cannon . | . . . Ballistic Gun 3 | 2 . 1 Ballistic Cannon . | . . . Launcher . | . . . Special Weapon 2 | . . 2 Impact Weapon . | . . . Slashing Weapon . | . . . Piercing Weapon . | . . . Special Melee Weapon . | . . . Unidentified Prototypes . | . . . Parts Lost 8 | . 2 6 Power 1 | . . 1 Propulsion 2 | . . 2 Utility . | . . . Weapon 5 | . 2 3 Highest Loss Streak 6 | . 1 6 Average Slot Usage (%) 89 | . 97 78 Engine 13 | . 14 12 Wheel 26 | . 28 24 Storage 27 | . 28 25 Energy Gun 4 | . 6 . Ballistic Gun 16 | . 18 13 Naked Turns . | . . . Heaviest Build 28 | 14 28 27 Greatest Support 20 | 20 20 20 Greatest Overweight (x) 2 | 2 2 2 Average Overweight (x) . | . . 1 Largest Inventory Capacity 12 | 8 12 12 Average Capacity 9 | 6 8 11 Most Carried 9 | 6 8 9 Average Carried 6 | 3 6 7 Final Capacity 12 | 8 12 4 Final Carried 8 | 6 8 4 Class Distribution -------------------- 100% | Mutant Dominant Class ---------------- Mutant | -10/Materials Mutant | -10/Mines Resources | -11 -10 -10 ----------- Run | Scr Mat Min Matter Collected 538 | 310 138 90 Remotely . | . . . Salvage Created 633 | 162 460 11 Parts 55 | 10 45 . Haulers Intercepted 1 | . 1 . Recyclers Shooed . | . . . Parts Field Recycled . | . . . Retrieved Matter . | . . . Parts Self-Destructed . | . . . Prevented . | . . . Kills | -11 -10 -10 ------- Run | Scr Mat Min Combat Hostiles Destroyed 15 | . 14 1 Guns 15 | . 14 1 Classes Destroyed 8 | 2 5 1 Tunneler 3 | 3 . . Hauler 1 | . 1 . Recycler 1 | 1 . . Operator 1 | . 1 . Watcher 1 | . 1 . Swarmer 9 | . 9 . Grunt 5 | . 5 . Assembled 1 | . . 1 Best Kill Streak 5 | 2 5 1 Combat Bots Only 4 | . 4 1 Max Kills in Single Turn 1 | 1 1 1 Gunslinging . | . . . Exploded . | . . . Melee . | . . . Uniques/NPCs Destroyed . | . . . Combat | -11 -10 -10 -------- Run | Scr Mat Min Damage Taken 993 | . 578 415 Core 281 | . 127 154 Absorbed by Shields . | . . . Core Remaining (%) 100 | 100 . . Volleys Fired 76 | 10 58 8 Largest 2 | 2 2 2 Hottest 120 | 40 60 120 Shots Fired 141 | 20 107 14 Gun 139 | 20 107 12 Cannon . | . . . Launcher . | . . . Special 2 | . . 2 Kinetic 106 | 20 74 12 Thermal 35 | . 33 2 Explosive . | . . . Electromagnetic . | . . . Robot Hit Streak 8 | 7 8 3 Robot Miss Streak 6 | 4 6 1 Penetration Max . | . . . Secondary Targets 1 | . 1 . Max Gunslinging Chain 1 | . 1 . Shots Hit Robots 80 | 11 61 8 Core Hits 34 | 5 26 3 Critical Hits . | . . . Critical Kills . | . . . Critical Parts Destroyed . | . . . Melee Attacks . | . . . Impact . | . . . Slashing . | . . . Piercing . | . . . Sneak Attacks . | . . . Combat Hostiles . | . . . Follow-up Attacks . | . . . Damage Inflicted 906 | 101 727 78 Guns 906 | 101 727 78 Cannons . | . . . Explosions . | . . . Melee . | . . . Ramming . | . . . Kinetic 633 | 101 454 78 Thermal 273 | . 273 . Explosive . | . . . Electromagnetic . | . . . Impact . | . . . Slashing . | . . . Piercing . | . . . Highest Corruption . | . . . Average Corruption . | . . . Corruption Purged . | . . . Overload Shots . | . . . Overflow Damage . | . . . Projectiles . | . . . Explosions . | . . . Melee . | . . . Knockbacks . | . . . Impact . | . . . Kinetic . | . . . Secondary . | . . . Self-Inflicted Damage . | . . . Shots . | . . . Rammed . | . . . Targets Rammed . | . . . Kicked . | . . . Crushed . | . . . Highest Temperature 60 | . 60 20 Average Temperature 28 | . 29 12 Received Heat Transfer 156 | . 156 . Siege Activations . | . . . Robots Corrupted . | . . . Combat Hostiles . | . . . Parts Fried . | . . . Impact Corruptions . | . . . Robots Melted . | . . . Combat Hostiles . | . . . Parts Melted 1 | . 1 . Heat Transferred 625 | . 625 . Parts Sabotaged . | . . . Parts Stolen . | . . . Parts Stripped . | . . . Power Chain Reactions . | . . . Missiles Intercepted . | . . . Alert | -11 -10 -10 ------- Run | Scr Mat Min Peak Influence 357 | 20 357 61 Average Influence 104 | 9 165 53 Maximum Alert Level 1 | . 1 . Low Security (%) 77 | 100 56 100 Level 1 22 | . 43 . Level 2 . | . . . Level 3 . | . . . Level 4 . | . . . Level 5 . | . . . High Security . | . . . Max Security . | . . . Squads Dispatched 1 | . 1 . Investigation . | . . . Extermination . | . . . Reinforcement 1 | . 1 . Assault . | . . . Garrison . | . . . Intercept . | . . . Construction Impeded . | . . . Haulers Reinforced . | . . . Stealth | -11 -10 -10 --------- Run | Scr Mat Min Distress Signals 1 | . 1 . Communications Jammed . | . . . Distress Signals . | . . . Times Spotted 27 | . 21 6 Peak Tracking Total 7 | . 7 3 Tactical Retreats 1 | . 1 . Traps | -11 -10 -10 ------- Run | Scr Mat Min Traps Triggered . | . . . Indirectly . | . . . Trap Hack Attempts . | . . . Triggered . | . . . Disarmed . | . . . Reprogrammed . | . . . Reused . | . . . Traps Extracted . | . . . Installed . | . . . Triggered . | . . . Machines | -11 -10 -10 ---------- Run | Scr Mat Min Machines Disabled . | . . . Max in Single Turn . | . . . Machines Sabotaged . | . . . Garrisons Compromised . | . . . Overloaded Fab Kills . | . . . Fab Network Shutdowns . | . . . Hacking | -11 -10 -10 --------- Run | Scr Mat Min Machines Accessed 1 | . 1 . Terminals 1 | . 1 . Fabricators . | . . . Repair Stations . | . . . Recycling Units . | . . . Scanalyzers . | . . . Garrison Access . | . . . Total Hacks 3 | . 3 . Successful . | . . . Failed 3 | . 3 . Catastrophic . | . . . Database Lockouts . | . . . Manual 3 | . 3 . Terminals 3 | . 3 . Fabricators . | . . . Repair Stations . | . . . Recycling Units . | . . . Scanalyzers . | . . . Garrison Access . | . . . Terminal Hacks . | . . . Fabricator Hacks . | . . . Repair Station Hacks . | . . . Recycling Unit Hacks . | . . . Scanalyzer . | . . . Garrison Access Hacks . | . . . Unauthorized Hacks . | . . . Terminals . | . . . Fabricators . | . . . Repair Stations . | . . . Recycling Units . | . . . Scanalyzers . | . . . Garrison Access . | . . . Data Cores Recovered . | . . . Used . | . . . Hacking Detections 1 | . 1 . Full Trace Events 1 | . 1 . Feedback Events . | . . . Feedback Blocked . | . . . Robot Schematics Acquired . | . . . Robots Built . | . . . Matter . | . . . Time . | . . . Total Robot Build Rating . | . . . Part Schematics Acquired . | . . . Parts Built . | . . . Matter . | . . . Time . | . . . Total Part Build Rating . | . . . Parts Repaired . | . . . Time . | . . . Parts Recycled . | . . . Recycled Matter . | . . . Retrieved Matter . | . . . Retrieved Components . | . . . Parts Scanalyzed . | . . . Part Schematics Acquired . | . . . Parts Damaged . | . . . Bothacking | -11 -10 -10 ------------ Run | Scr Mat Min Used RIF Installer . | . . . Robots Hacked . | . . . Non-combat . | . . . Combat . | . . . Robot Hacks Applied . | . . . Relay Couplers Released . | . . . Robots Rewired . | . . . Allies Hacked . | . . . Hacks Repelled . | . . . Allies | -11 -10 -10 -------- Run | Scr Mat Min Total Allies . | . . . Largest Group . | . . . Highest-Rated Group . | . . . Highest-Rated Ally . | . . . Total Orders . | . . . Ally Attacks . | . . . Total Damage . | . . . Kills . | . . . Allies Corrupted . | . . . Allies Melted . | . . . Intel | -11 -10 -10 ------- Run | Scr Mat Min Robot Analysis Total . | . . . Derelict Logs Recovered 1 | . . 1 Drone Launches . | . . . Drone Recoveries . | . . . Exploration | -11 -10 -10 ------------- Run | Scr Mat Min Turns Passed 806 | 117 416 273 Spaces Moved 626 | 73 281 272 Core 58 | 18 . 40 Treads . | . . . Legs . | . . . Wheels 568 | 55 281 232 Hover . | . . . Flight . | . . . Fastest Speed 50 | 50 80 50 Average Speed 86 | 82 85 88 Slowest Speed 150 | 150 100 100 Overloaded Moves . | . . . Propulsion Burnouts . | . . . Robots Hopped . | . . . Cave-ins Triggered . | . . . Exploration Rate (%) 33 | 5 44 51 Regions Visited 2 Branch Regions 1 Pre-discovered Areas 1 | . . 1 Known Exits Taken . | . . . Unknown Exits Taken 2 | 1 1 . Scrap Searched . | . . . Spaces Dug 1 | . . 1 Terrain Destroyed 1 | . . 1 Melee . | . . . Projectile 1 | . . 1 AOE . | . . . Actions | -11 -10 -10 --------- Run | Scr Mat Min Total 755 | 112 353 290 Wait 10 | 8 2 . Move 624 | 72 280 272 Hop . | . . . Pick Up 22 | 14 6 2 Fast Attach . | . . . Attach 12 | 7 1 4 Detach . | . . . Swap 3 | . 3 . Drop 8 | 1 3 4 Fire 76 | 10 58 8 Melee . | . . . Ram . | . . . Kick . | . . . Crush . | . . . Escape Stasis . | . . . Rewire . | . . . Trap . | . . . Miscellaneous . | . . . Route ------- -11/Scrapyard -10/Materials (discovered 2 exits: [*Mat] / [*Min]) -10/Mines (discovered 1 exit: [*Mat]) History --------- Turn | Location | Event 18 | -11/Scrapyard | Discovered new exit (range 15) 118 | -11/Scrapyard | Entered Materials 308 | -10/Materials | Build established: Mutant 358 | -10/Materials | Discovered new exit (range 5) 375 | -10/Materials | Discovered new exit (range 14) 455 | -10/Materials | Core integrity fell below 50% 534 | -10/Materials | Entered Mines 542 | -10/Mines | Learned location of Zion (-7) 548 | -10/Mines | Discovered new exit (range 7) 632 | -10/Mines | Assembled infested the area 690 | -10/Mines | Met a Derelict testing a Signal Generator 696 | -10/Mines | Found Signal Generator 776 | -10/Mines | Core integrity fell below 20% 806 | -10/Mines | Lost 6 parts (1p2n3w) 807 | -10/Mines | Destroyed by as-49144 with Assembled Blade Last Messages --------------- 00632_ S-10 Pest destroyed. 00690_ A derelict emerges from the shadows: "Quiet! I'm testing a new device we can use to divert those annoying Unaware when we need to." 00696_ Acquired Signal Generator. 00752_ Acquired 30 matter. 00754_ Core Extractor disabled. 00761_ as-78377 destroyed. 00763_ Wheel destroyed. 00770_ Ion Engine destroyed. 00770_ Assault Rifle destroyed. 00772_ Mining Laser destroyed. 00775_ Lgt. Assault Rifle destroyed. 00775_ Wheel destroyed. 00779_ Dropped Lgt. Ion Engine. 00779_ Dropped Imp. Terrain Scanner. 00780_ Dropped Lrg. Storage Unit. 00780_ Dropped Sml. Storage Unit. 00797_ T4-JYB(g) destroyed. 00804_ Acquired 60 matter. 00806_ Acquired Lgt. Angular Momentum Engine. Map ----- +----------------------------------------------------+ | | | | | | | | | | | | | | | | | | | | | | | | | | | | | | | | | | | | | | | | | ???????????????????????????????????????????? | | ??????????????????????????????????????####?? | | ?????????????????????????????????????## ##? | | ????????????????????####?####?????#### #? | | ???????????????????## ### ##???## #? | | ??????####?????????# @= #??## #? | | ?????## #?????????# !a= #### ##? | | ????## #?????????## ##a ## #######?? | | ?#### #???????????## #### ##???????? | | ## #????????????# #??# #????????? | | # ##????#####??# #??# #????????? | | !*###### ##?# #??# #????????? | | # %!! ### #??# ##????????? | | ## ! """ ## #?#"# ##?????????? | | ?###### """ #?########??????????? | | ??????## " " ## #???????????????????? | | ???????## ##########???????????????????? | | ????????## ####????????????????????????????? | | ?????????# #???????????????????????????????? | | ?????????# #???????????????????????????????? | | ????####?# #???????????????????????????????? | | ??## ### #???????????????????????????????? | | ?## ## #???????????????????????????????? | | ## #?# #??????????? #??????????????????? | | # #???# #????????? #???????????????????? | | #????# ??????? #???????????????????? | | ###### =##### #???????????????????? | | % #???????????????????? | | ######## =## #???????????????????? | | ###??????? #?## #??????????????????? | +----------------------------------------------------+ Best States ------------- Heat Dissipation 25 Energy Generation 10 Energy Capacity 250 Matter Stores 300 Matter Capacity 300 Sight Range 16 Terrain Scan Density 10 Evasion (%) 50 Item Schematics ----------------- None Robot Schematics ------------------ None Fabricated ------------ Nothing Alien Tech Used ----------------- None Achievements -------------- None Challenges ------------ None Game ------ Seed AccelerationScanThruster Manual? 0 Play Time 00:08:35 Cumulative 295.4 hours Start 2020.01.08 @ 17:23:11 End 2020.01.08 @ 17:29:37 Sessions 1 Manual Loads 0 Difficulty Rogue Special Mode None Game No. 334 Rogue 334 Adventurer 0 Explorer 0 Win Type - Total 5 Types 2/1/1/1/0/0/0 Lore% 68 Gallery% 86 Achievement% 65 Wizard Run 0 Options --------- ASCII 0 Keyboard 0 Movement Numpad Keybinds 0 Fullscreen 1 Font 16/Terminus Map View 75x55 Tactical HUD 1 Map Filters NONE Filters NONE Steam 1 RUN: 45bf1ae8-f225-43b1-adad-641d410f428c